 Dungeon Crawl Stone Soup version 0.19-a0-1013-g40768a3 (webtiles) character file.

64 4thArraOfDagon the Skirmisher (level 3, -4/31 HPs)
             Began as a Centaur Abyssal Knight on July 24, 2016.
             Was a Believer of Lugonu.
             Slain by a scorpion (5 damage)
             ... on level 8 of the Dungeon.
             The game lasted 00:06:29 (1189 turns).

4thArraOfDagon the Skirmisher (CeAK)                Turns: 1189, Time: 00:06:30

Health: -4/31      AC: 10    Str: 14    XL:     3   Next: 91%
Magic:  4/4        EV:  4    Int: 12    God:    Lugonu [**....]
Gold:   246        SH:  0    Dex:  8    Spells: 0 memorised, 2 levels left

rFire  . . .     SeeInvis .     d - staff of earth
rCold  . . .     Gourm    .     k - +3 chain mail
rNeg   . . .     Faith    .     (no shield)
rPois  .         Spirit   .     (no helmet)
rElec  .         Dismiss  .     (no cloak)
rCorr  .         Reflect  .     (no gloves)
SustAt .         Harm     .     (no barding)
MR     .....                    (no amulet)
Stlth  ..........               (no ring)
                                (no ring)

@: lethally poisoned (-4 -> -13), very quick, not resistant to hostile
enchantments, extremely unstealthy
A: hooves 3, deformed body, speed 2, tough skin 3
a: Depart the Abyss, Bend Space, Renounce Religion


You were on level 8 of the Dungeon.
You worshipped Lugonu.
Lugonu was pleased with you.
You were not hungry.

You visited 1 branch of the dungeon, and saw 8 of its levels.
You visited the Abyss 1 time.

You collected 246 gold pieces.

Inventory:

Hand Weapons
 a - a +2 falchion
Armour
 b - a +1 leather armour
 k - a +3 chain mail (worn)
Magical Staves
 d - an uncursed staff of earth (weapon)
Wands
 e - a wand of iceblast (0/15)
Scrolls
 g - a scroll of remove curse
Potions
 h - a potion of flight
Comestibles
 c - 5 bread rations
 f - 2 meat rations
 i - 3 royal jellies


   Skills:
 - Level 3.0 Fighting
 - Level 1.7 Long Blades
 * Level 2.1 Staves
 - Level 1.3 Armour
 - Level 0.6 Dodging
 - Level 2.0 Invocations
 * Level 2.1 Evocations


You had 2 spell levels left.
You didn't know any spells.

Dungeon Overview and Level Annotations

Branches:
Dungeon (8/15)
 Temple: D:4-7         Lair: D:8-11

Altars:
Makhleb
Nemelex Xobeh
Yredelemnul
The Shining One


Innate Abilities, Weirdness & Mutations

You have hooves in place of feet.
Armour fits poorly on your strangely shaped body.
You cover ground very quickly.
You have extremely tough skin. (AC +3)


Message History

The scorpion is lightly wounded.
The scorpion stings you but does no damage. x2
You hit the scorpion but do no damage.
The scorpion is lightly wounded.
The scorpion stings you but does no damage.
Evoke which item? (* to show all) (? for menu, Esc to quit)
Okay, then.
You hit the scorpion but do no damage.
The scorpion is lightly wounded.
The yak gores you. The scorpion stings you.
* * * LOW HITPOINT WARNING * * *
You are lethally poisoned!
The scorpion poisons you!
You closely miss the scorpion.
The scorpion is lightly wounded.
* * * LOW HITPOINT WARNING * * *
You feel sick. The yak gores you.
* * * LOW HITPOINT WARNING * * *
The scorpion stings you.
You die...

#.$.)........#...#
#.####.#####.###.#
...#..†....#.#
.....#.###.#.#.#
.......#.#<#.#.#.#
..h....#.#.#.#.#.#
.......#...#.#.#.#
.h..(..#####.#s#.#
#.#@#.# #.#.Y.#
#####


You could see a yak and a scorpion.

Vanquished Creatures
  A worker ant (D:4)
  An adder (D:8)
  A shadow imp (D:7)
  2 orcs (D:3)
  A bat (D:2)
  A giant cockroach (D:3)
  2 goblins (D:1)
  2 hobgoblins
  5 giant newts
  6 kobolds
  A rat (D:2)
23 creatures vanquished.

Notes
Turn   | Place    | Note
-------+----------+-------------------------------------------
     0 | Abyss:1  | 4thArraOfDagon the Centaur Abyssal Knight began the quest for the Orb.
     0 | Abyss:1  | Reached XP level 1. HP: 19/19 MP: 2/2
     0 | Abyss:1  | 4thArraOfDagon: it may take a while
     4 | Abyss:1  | BLOAX: ??abyss scumming
     7 | Abyss:1  | beem: abyss scumming[1/1]: Doing this is a sure sign that you are playing like an idiot. Stop it.
    31 | Abyss:2  | Found a corrupted altar of Lugonu.
    38 | Abyss:2  | BLOAX: haha
    39 | Abyss:2  | BLOAX: never!
    78 | Abyss:2  | BLOAX: mommy look
    79 | Abyss:2  | BLOAX: i'm a CK
   110 | Abyss:2  | Noticed a worldbinder
   113 | Abyss:2  | Noticed a human
   114 | Abyss:2  | Noticed a human
   114 | Abyss:2  | Noticed a human
   124 | Abyss:2  | Noticed a large abomination
   126 | Abyss:2  | Noticed a human
   126 | Abyss:2  | Noticed a sun demon
   126 | Abyss:2  | Noticed a red devil
   126 | Abyss:2  | Noticed a balrug
   130 | D:1      | Escaped the Abyss
   205 | D:1      | BLOAX: ??staff of fire
   210 | D:1      | beem: staff damage[1/3]: Enhancer staves (fire, cold, air, earth, death) have (2*evoc + magic skill)/30 chance of getting random2(1.25*(magic skill + evoc/2)) extra damage that ignores AC (except earth), but checks the appropriate resistance.
   377 | D:2      | Found a burning altar of Makhleb.
   400 | D:2      | Reached skill level 1 in Staves
   407 | D:2      | Reached XP level 2. HP: 21/26 MP: 3/3
   527 | D:3      | Reached skill level 1 in Evocations
   558 | D:3      | Reached ** piety under Lugonu
   662 | D:4      | Found a glowing golden altar of the Shining One.
   726 | D:4      | Reached XP level 3. HP: 22/31 MP: 4/4
   776 | D:5      | Entered Level 5 of the Dungeon
   798 | D:5      | Noticed a killer bee
   811 | D:5      | BLOAX: right so for every 2 evocations
   817 | D:5      | Found a sparkling altar of Nemelex Xobeh.
   833 | D:6      | BLOAX: you get a potential +0.25 damage bonus
   840 | D:6      | BLOAX: so worth it
   874 | D:6      | Found a basalt altar of Yredelemnul.
   909 | D:7      | Noticed an ogre
   909 | D:7      | Noticed a giant frog
   914 | D:7      | BLOAX: er
   919 | D:7      | BLOAX: 1.25*
  1108 | D:7      | BLOAX: 2 evoc!
  1125 | D:8      | RIP
  1145 | D:8      | Noticed a scorpion
  1150 | D:8      | BLOAX: congrats on your +1 staff that is +0 13/15ths of the time
  1166 | D:8      | Noticed a yak
  1188 | D:8      | BLOAX: the dream
  1189 | D:8      | HP: 1/31 [yak (1)]
  1189 | D:8      | Slain by a scorpion

Vault maps used:
D:1:      lightli_arrival_lavapool
D:2:      old_standard_altar, hangedman_decor_points, uniq_sigmund, uniq_terence
D:3:      first_bread, tgw_sif
D:4:      kennysheep_kobold_camp, lemuel_coloured_pillars_altar,
          nicolae_gozag_cash_rules_everything_around_me, kennysheep_mini_moat,
          tso_metal_star
D:5:      nicolae_ru_awakened_eye, lemuel_crystal_altar, lemuel_statue_altar,
          uniq_pikel
D:6:      lemuel_crystal_altar, overflow_temple_1_default, serial_bayou,
          serial_bayou_shore_a, serial_bayou_lake_a, serial_bayou_crossing,
          serial_bayou_pond_a, uniq_crazy_yiuf_cottage
D:7:      overflow_temple_1_default
D:8:      kiku_gazebo_pond_becter, grunt_lair_entry_orc_guard_hut, minivault_11,
          uniq_maurice

Skill      XL: |  1  2  3 |
---------------+----------+-----
Staves         | 1 2 |  2.1
Evocations     | 1 2 |  2.1
Fighting       | |  3.0
Long Blades    | |  1.7
Armour         | |  1.3
Dodging        | |  0.6
Invocations    | |  2.0

Action                   || total
-------------------------++-------
Melee: Staff             ||   110
       Kick              ||    16
Evoke: Wand              ||     2
  Use: Scroll            ||     9
       Potion            ||     5
  Eat: Pizza             ||     1
Armor: Leather armour    ||    32
       Chain mail        ||    43
Dodge: Dodged            ||    46
